 Dungeon Crawl Stone Soup version 0.28-a0-1382-g92835e5c71 (webtiles) character file.

Game seed: 10160766215475430538

341 willcat the Covert (level 6, 0/51 HPs)
             Began as a Gnoll Brigand on Jan 1, 2022.
             Slain by a gnoll shaman (10 damage)
             ... on level 3 of the Dungeon.
             The game lasted 00:02:36 (3590 turns).

willcat the Covert (Gnoll Brigand)                  Turns: 3590, Time: 00:02:36

Health: 0/51       AC:  5    Str: 11    XL:     6   Next: 56%
Magic:  9/9        EV: 13    Int: 12    God:
Gold:   159        SH:  0    Dex: 13    Spells: 6/9 levels left

rFire   . . .      SeeInvis .   a - +2 dagger
rCold   . . .      Faith    .   (no shield)
rNeg    . . .      Spirit   .   r - +0 robe
rPois   .          Reflect  .   (no helmet)
rElec   .          Harm     .   m - +2 cloak {Will+}
rCorr   .          Rampage  .   (no gloves)
Will    +....                   (no boots)
Stlth   ++........              (no amulet)
HPRegen 0.17/turn               (no ring)
MPRegen 0.11/turn               (no ring)

@: lit by a corona, glowing, studying Stealth
A: fangs 1, strong nose, distributed training
a: no special abilities


You were on level 3 of the Dungeon.
You visited 1 branch of the dungeon, and saw 4 of its levels.

You collected 159 gold pieces.

Inventory:

Hand Weapons
 a - a +2 dagger (weapon)
Missiles
 d - 19 poisoned darts (quivered)
 e - 2 curare-tipped darts
Armour
 m - a +2 cloak of willpower (worn)
 r - a +0 robe (worn)
Magical Staves
 b - a staff of death
Wands
 o - a wand of paralysis (4)
 t - a wand of flame (14)
Scrolls
 f - a scroll of blinking {unknown}
 g - 2 scrolls of magic mapping {unknown}
 h - a scroll of amnesia {unknown}
 i - a scroll of teleportation {unknown}
 k - a scroll of enchant weapon {unknown}
 p - a scroll of identify {unknown}
Potions
 j - 2 potions of lignification {unknown}
 l - a potion of mutation {unknown}
 n - a potion of heal wounds {unknown}
 q - 2 potions of curing {unknown}
 s - a potion of flight {unknown}


   Skills:
 + Level 5.0 Fighting
 + Level 5.0 Short Blades
 + Level 2.0 Long Blades
 + Level 2.0 Axes
 + Level 2.0 Maces & Flails
 + Level 2.0 Polearms
 + Level 2.0 Staves
 + Level 2.0 Slings
 + Level 2.0 Bows
 + Level 2.0 Crossbows
 + Level 5.0 Throwing
 + Level 2.0 Armour
 + Level 3.3 Dodging
 + Level 8.1 Stealth
 + Level 2.0 Shields
 + Level 2.0 Unarmed Combat
 + Level 2.0 Spellcasting
 + Level 1.6 Conjurations
 + Level 1.6 Hexes
 + Level 1.6 Summonings
 + Level 1.6 Necromancy
 + Level 1.6 Translocations
 + Level 1.6 Transmutations
 + Level 1.6 Fire Magic
 + Level 1.6 Ice Magic
 + Level 1.6 Air Magic
 + Level 1.6 Earth Magic
 + Level 1.6 Poison Magic
 + Level 2.2 Invocations
 + Level 2.0 Evocations


You had 6 spell levels left.
You knew the following spells:

 Your Spells              Type           Power      Damage    Failure   Level
a - Vampiric Draining     Necr           5%         2d6       38%         3

Your spell library contained the following spells:

 Spells                   Type           Power      Damage    Failure   Level
 Animate Skeleton         Necr           10%        N/A       14%         1
 Magic Dart               Conj           20%        1d4       14%         1
 Pain                     Necr           20%        1d5       14%         1
 Call Imp                 Summ           5%         N/A       22%         2
 Mephitic Cloud           Conj/Pois/Air  5%         N/A       38%         3


Dungeon Overview and Level Annotations

Branches:
Dungeon (4/15)
 Temple: D:4-7

Altars:
Wu Jian
The Shining One

Annotations:
D:4 2 runed translucent doors, ASSMAN's ghost, amateur TrEE


Innate Abilities, Weirdness & Mutations

You have very sharp teeth.
Your uncanny sense of smell can sniff out nearby items.
Your experience applies equally to all skills.


Message History

There is a stone staircase leading down here.
Unknown command.
You are too injured to fight recklessly!
You are too injured to fight recklessly!
You are too injured to fight recklessly!
Throw: 23 darts (poison)
Press: ? - help, Q - select action, (/) - cycle Shift-Dir - straight line, f - gnoll shaman
Aim: a gnoll shaman, wielding a +0 whip and wearing a +0 leather armour (heavily wounded, 65% to hit)
You throw a poisoned dart.
The poisoned dart hits the gnoll shaman!
The gnoll shaman is poisoned.
The gnoll shaman is heavily wounded.
Throw: 22 darts (poison)
Press: ? - help, Q - select action, (/) - cycle Shift-Dir - straight line, f/p - gnoll shaman
Aim: a gnoll shaman, wielding a +0 whip and wearing a +0 leather armour (heavily wounded, very poisoned, 65% to hit)
You throw a poisoned dart.
The poisoned dart barely misses the gnoll shaman.
The gnoll shaman calls down the wrath of its god upon you.
You are outlined in light.
Throw: 21 darts (poison)
Press: ? - help, Q - select action, (/) - cycle Shift-Dir - straight line, f/p - gnoll shaman
Aim: a gnoll shaman, wielding a +0 whip and wearing a +0 leather armour (heavily wounded, very poisoned, 65% to hit)
You throw a poisoned dart.
The poisoned dart hits the gnoll shaman!
The gnoll shaman looks as sick as possible!
The gnoll shaman is heavily wounded.
The gnoll shaman closely misses you.
The gnoll shaman prays to its god.
The gnoll shaman is healed somewhat.
The gnoll shaman hits you with a +0 whip!
* * * LOW HITPOINT WARNING * * *
Throw: 20 darts (poison)
Press: ? - help, Q - select action, (/) - cycle Shift-Dir - straight line, f/p - gnoll shaman
Aim: a gnoll shaman, wielding a +0 whip and wearing a +0 leather armour (severely wounded, very poisoned, 65% to hit)
You throw a poisoned dart.
The poisoned dart hits the gnoll shaman!
The gnoll shaman looks as sick as possible!
The gnoll shaman is severely wounded.
The gnoll shaman hits you with a +0 whip!
You die...

........##.# #.#
##.####..#.####.#
.[...##.......#.#
......#.#####.#.#
......#.#####.#.#
.._...........#.#
......#.#######.#
......#.........########
.....##...>(...g@......#
##.####..()###########.#
..............# #.#
............#.# #####.#
............#.# #.....#
............#.# #.#####
............#.# #...#
..#(...###..#.# ###.#
.......+....#.#
#.#########


You could see a gnoll shaman (extremely poisoned).

Vanquished Creatures
  A phantom (D:3)
  A centaur zombie (D:4)
  A centaur skeleton (D:4)
  A hound (D:4)
  Ijyb (D:4)
  An orc wizard (D:4)
  A gnoll (D:3)
  4 adders
  3 worms
  A dart slug (D:2)
  2 orcs
  11 endoplasms
  2 giant cockroaches (D:1)
  4 goblins
  7 hobgoblins
  7 kobolds
  8 ball pythons
  5 bats
  5 frilled lizards
  3 rats
69 creatures vanquished.

Notes
Turn   | Place    | Note
-------+----------+-------------------------------------------
     0 | D:1      | willcat the Gnoll Brigand began the quest for the Orb.
     0 | D:1      | Reached XP level 1. HP: 20/20 MP: 1/1
   232 | D:1      | Reached XP level 2. HP: 26/26 MP: 2/2
   737 | D:1      | Reached XP level 3. HP: 31/31 MP: 3/3
  1121 | D:2      | Reached skill level 1 in Invocations
  1127 | D:2      | Learned a level 3 spell: Vampiric Draining
  1153 | D:2      | Found an ornate altar of the Wu Jian Council.
  1187 | D:2      | Reached skill level 1 in Long Blades
  1187 | D:2      | Reached skill level 1 in Axes
  1187 | D:2      | Reached skill level 1 in Maces & Flails
  1187 | D:2      | Reached skill level 1 in Polearms
  1187 | D:2      | Reached skill level 1 in Staves
  1187 | D:2      | Reached skill level 1 in Slings
  1187 | D:2      | Reached skill level 1 in Bows
  1187 | D:2      | Reached skill level 1 in Crossbows
  1187 | D:2      | Reached skill level 1 in Armour
  1187 | D:2      | Reached skill level 1 in Shields
  1187 | D:2      | Reached skill level 1 in Unarmed Combat
  1187 | D:2      | Reached skill level 1 in Spellcasting
  1187 | D:2      | Reached skill level 1 in Evocations
  1405 | D:2      | Reached XP level 4. HP: 25/38 MP: 5/5
  1885 | D:3      | Found a glowing golden altar of the Shining One.
  2205 | D:3      | Reached skill level 1 in Conjurations
  2205 | D:3      | Reached skill level 1 in Hexes
  2205 | D:3      | Reached skill level 1 in Summonings
  2205 | D:3      | Reached skill level 1 in Necromancy
  2205 | D:3      | Reached skill level 1 in Translocations
  2205 | D:3      | Reached skill level 1 in Transmutations
  2205 | D:3      | Reached skill level 1 in Fire Magic
  2205 | D:3      | Reached skill level 1 in Ice Magic
  2205 | D:3      | Reached skill level 1 in Air Magic
  2205 | D:3      | Reached skill level 1 in Earth Magic
  2205 | D:3      | Reached skill level 1 in Poison Magic
  2699 | D:3      | Noticed a phantom
  2711 | D:3      | Killed a phantom
  2712 | D:3      | Reached XP level 5. HP: 28/43 MP: 5/7
  3129 | D:4      | Reached skill level 8 in Stealth
  3133 | D:4      | Reached XP level 6. HP: 46/50 MP: 8/8
  3166 | D:4      | Reached skill level 5 in Fighting
  3166 | D:4      | Reached skill level 5 in Short Blades
  3166 | D:4      | Reached skill level 5 in Throwing
  3281 | D:4      | Found a large runed translucent door.
  3281 | D:4      | Found a large runed translucent door.
  3285 | D:4      | Noticed ASSMAN's ghost (amateur TrEE)
  3305 | D:4      | Noticed Ijyb
  3569 | D:4      | Killed Ijyb
  3590 | D:3      | Slain by a gnoll shaman

Illustrated notes

Levels and vault maps discovered:
D:1:      dpeg_arrival_erosion, layout_loops_corners, minmay_quantized
D:2:      layout_loops_ring, basic_altar, st_stairs_6
D:3:      layout_basic, old_standard_altar
D:4:      layout_basic, ebering_ghost_disaster_area, minmay_manual_mess,
          uniq_ijyb

Skill      XL: |  1  2  3  4  5  6 |
---------------+-------------------+-----
Invocations    | 1 2 |  2.2
Long Blades    | 1 2 |  2.0
Axes           | 1 2 |  2.0
Maces & Flails | 1 2 |  2.0
Polearms       | 1 2 |  2.0
Staves         | 1 2 |  2.0
Slings         | 1 2 |  2.0
Bows           | 1 2 |  2.0
Crossbows      | 1 2 |  2.0
Armour         | 1 2 |  2.0
Shields        | 1 2 |  2.0
Unarmed Combat | 1 2 |  2.0
Spellcasting   | 1 2 |  2.0
Evocations     | 1 2 |  2.0
Conjurations   | 1 |  1.6
Hexes          | 1 |  1.6
Summonings     | 1 |  1.6
Necromancy     | 1 |  1.6
Translocations | 1 |  1.6
Transmutations | 1 |  1.6
Fire Magic     | 1 |  1.6
Ice Magic      | 1 |  1.6
Air Magic      | 1 |  1.6
Earth Magic    | 1 |  1.6
Poison Magic   | 1 |  1.6
Dodging        | 3 |  3.3
Stealth        | 8 |  8.1
Fighting       | 5 |  5.0
Short Blades   | 5 |  5.0
Throwing       | 5 |  5.0

Action                   |  1- 3 |  4- 6 || total
-------------------------+-------+-------++-------
Melee: Dagger            |    66 |   171 ||   237
       Bite              |     6 |    10 ||    16
Throw: Dart              |       |     9 ||     9
Evoke: Wand              |       |     5 ||     5
 Stab: Sleeping          |    14 |    15 ||    29
       Distracted        |       |     1 ||     1
       Paralysed         |       |     1 ||     1
Armor: Robe              |     5 |    26 ||    31
       Skin              |       |    18 ||    18
Dodge: Dodged            |    22 |    70 ||    92

Table legend: (Time is in decaauts)
 A = Elapsed time spent in this place.
 B = Non-inter-level travel time spent in this place.
 C = Inter-level travel time spent in this place.
 D = Time resting spent in this place.
 E = Time spent auto-exploring this place.
 F = Levels seen in this place.
 G = Mean time per level.
                   A        B        C        D        E       F      G
               +--------+--------+--------+--------+--------+-----+--------+
         Total |   3532 |   3378 |    154 |    172 |   2671 |   4 |  883.0 |
       Dungeon |   3532 |   3378 |    154 |    172 |   2671 |   4 |  883.0 |
               +--------+--------+--------+--------+--------+-----+--------+

Top non-repeatable levels by time:
     D:3: 1388 daAuts
     D:1: 1052 daAuts
     D:2: 813 daAuts
     D:4: 277 daAuts
